 Dungeon Crawl Stone Soup version 0.31.0-9-g3a7656b989 (webtiles) character file.

Game seed: 16132637174228888115

443 qw the Shooter (level 6, 0/30 HPs)
             Began as a Spriggan Hunter on Feb 2, 2024.
             Slain by a gnoll
             ... wielding a +0 whip
              (9 damage)
             ... on level 4 of the Dungeon.
             The game lasted 00:00:13 (2615 turns).

qw the Shooter (Spriggan Hunter)                    Turns: 2615, Time: 00:00:13

Health: 0/30       AC:  2    Str:  7    XL:     6   Next: 71%
Magic:  7/7        EV: 21    Int: 11    God:
Gold:   174        SH:  0    Dex: 20    Spells: 5/5 levels left

rFire   . . .        a - +0 shortbow
rCold   . . .        (shield currently unavailable)
rNeg    . . .        c - +0 robe
rPois   .            (helmet restricted)
rElec   .            (no cloak)
rCorr   .            (gloves unavailable)
SInv    +            (boots unavailable)
Will    +....        b - amulet of faith
Stlth   ++           (no ring)
HPRegen 0.25/turn    (no ring)
MPRegen 0.10/turn

%: faith
@: very quick
A: very small, no large weapons, unfitting armour, see invisible, speed 3
a: no special abilities


You were on level 4 of the Dungeon.
You visited 1 branch of the dungeon, and saw 4 of its levels.

You collected 174 gold pieces.


Innate Abilities, Weirdness & Mutations

You are very small and have problems with some larger weapons.
You are too small for most types of armour.
You have supernaturally acute eyesight. (SInv)
You cover ground extremely quickly. (Speed+++)


   Skills:
 - Level 2.1 Fighting
 + Level 6.7 Ranged Weapons
 - Level 6.1 Dodging
 - Level 1.5 Stealth


You had 5 spell levels left.
You didn't know any spells.
Your spell library was empty.

Inventory:

Hand Weapons
 a - a +0 shortbow (weapon)
Armour
 c - a +0 robe (worn)
Jewellery
 b - an amulet of faith (around neck)
Scrolls
 f - a scroll of poison {unknown}
 j - a scroll of revelation {unknown}
Potions
 d - a potion of haste
 e - 2 potions of curing
 g - a potion of enlightenment {unknown}
 h - a potion of brilliance {unknown}
 i - a potion of degeneration {unknown}
 k - a potion of cancellation {unknown}
 l - a potion of lignification {unknown}

Dungeon Overview and Level Annotations

Branches:
Dungeon (4/15)
 Temple: D:4-7

Altars:


Message History

You shoot an arrow. The arrow hits the black bear!
The black bear is moderately wounded.
The black bear misses you. The black bear completely misses you.
The black bear claws you.
You shoot an arrow. The arrow hits the black bear.
The black bear is heavily wounded.
The black bear bites you. The black bear closely misses you.
The black bear barely misses you.
You shoot an arrow.
The arrow hits the black bear but does no damage.
The black bear is heavily wounded.
The black bear closely misses you. The black bear claws you.
The black bear closely misses you.
You shoot an arrow.
The arrow hits the black bear but does no damage.
The black bear is heavily wounded.
The black bear barely misses you.
The black bear claws you but does no damage.
The black bear completely misses you.
You shoot an arrow. The arrow hits the black bear!
The black bear is almost dead.
The black bear closely misses you. The black bear misses you.
The black bear closely misses you.
You shoot an arrow. The arrow hits the black bear.
You kill the black bear!
You shoot an arrow. The arrow closely misses the gnoll.
The gnoll hits you with a +0 whip.
You shoot an arrow. The arrow hits the gnoll!
The gnoll is severely wounded.
You shoot an arrow. The arrow barely misses the gnoll.
You shoot an arrow. The arrow closely misses the gnoll.
You shoot an arrow. The arrow hits the gnoll!
The gnoll is severely wounded.
The gnoll completely misses you. The gnoll hits you with a +0 whip.
The gnoll hits you with a +0 whip!
You shoot an arrow.
The arrow hits the gnoll but does no damage.
The gnoll is severely wounded.
The gnoll completely misses you. The gnoll hits you with a +0 whip!
You die...

....)...# #.......#
#.......# #
#.......# #
.##.......# [#
..#.......# ..#
#.#.......#..#
..######.#.........#
.......@g.......####
..######g##...#.#
.........#.#...#
.......#...#.###
.)[h...#.)##.#
.......#.>##.#
.......##.#...
...g... #.####
....g.. #.#


You could see 2 gnolls.

Vanquished Creatures
  A black bear (D:4)
  An ogre (D:4)
  A bombardier beetle (D:4)
  2 orc wizards
  Robin (D:3)
  A gnoll (D:4)
  5 adders
  6 dart slugs
  A ribbon worm (D:3)
  10 orcs
  8 bats
  7 endoplasms
  A giant cockroach (D:1)
  17 goblins
  11 hobgoblins
  3 jackals (D:2)
  7 kobolds
  2 quokkas
  6 ball pythons
  4 frilled lizards
  5 rats
100 creatures vanquished.

Notes
Turn   | Place    | Note
-------+----------+-------------------------------------------
     0 | D:1      | qw the Spriggan Hunter began the quest for the Orb.
     0 | D:1      | Reached XP level 1. HP: 10/10 MP: 2/2
     0 | D:1      | 0 ||| qw: Version: 0.3-a-155-g5e7d8dd
     0 | D:1      | 0 ||| qw: Game counter: 644
     0 | D:1      | 0 ||| qw: Melee chars always use a shield: true
     0 | D:1      | 0 ||| qw: God list: Okawaru
     0 | D:1      | 0 ||| qw: Allow faded altars: false
     0 | D:1      | 0 ||| qw: Do Orc after clearing Dungeon:15 true
     0 | D:1      | 0 ||| qw: Do second Lair branch before Depths: true
     0 | D:1      | 0 ||| qw: Lair rune preference: random
     0 | D:1      | 0 ||| qw: Goals: Normal
     0 | D:1      | 0 ||| PLANNING D:1-11
    32 | D:1      | Reached skill level 3 in Dodging
    52 | D:1      | Found a faded altar of an unknown god.
   116 | D:1      | Reached XP level 2. HP: 14/14 MP: 3/3
   336 | D:1      | Reached XP level 3. HP: 18/18 MP: 4/4
   443 | D:1      | 443 ||| DROPPING scarf of harm.
   444 | D:1      | 444 ||| READING scroll labelled CUAGUE VIEFAST.
   444 | D:1      | 444 ||| IDENTIFYING clear potion
   445 | D:1      | 445 ||| DROPPING scroll of butterflies.
   469 | D:2      | 469 ||| STAIRDANCE
   483 | D:2      | 483 ||| STAIRDANCE
   815 | D:2      | 815 ||| RETREEEEATING.
   819 | D:2      | Reached XP level 4. HP: 22/22 MP: 5/5
  1185 | D:2      | 1185 ||| UPGRADING to amulet of faith.
  1190 | D:2      | 1190 ||| READING scroll labelled ECZOOFRASOCK.
  1191 | D:2      | 1191 ||| READING scroll labelled ICHUFE WUIBLI.
  1517 | D:3      | 1517 ||| FLEEEEING.
  1518 | D:3      | 1518 ||| FLEEEEING.
  1520 | D:3      | 1520 ||| FLEEEEING.
  1521 | D:3      | 1521 ||| FLEEEEING.
  1522 | D:3      | 1522 ||| FLEEEEING.
  1523 | D:3      | 1523 ||| FLEEEEING.
  1524 | D:3      | 1524 ||| FLEEEEING.
  1525 | D:3      | 1525 ||| FLEEEEING.
  1526 | D:3      | 1526 ||| FLEEEEING.
  1530 | D:3      | 1530 ||| FLEEEEING.
  1531 | D:3      | 1531 ||| FLEEEEING.
  1532 | D:3      | 1532 ||| FLEEEEING.
  1533 | D:3      | 1533 ||| FLEEEEING.
  1536 | D:3      | 1536 ||| FLEEEEING.
  1537 | D:3      | 1537 ||| FLEEEEING.
  1538 | D:3      | 1538 ||| FLEEEEING.
  1539 | D:3      | 1539 ||| FLEEEEING.
  1540 | D:3      | 1540 ||| FLEEEEING.
  1541 | D:3      | 1541 ||| FLEEEEING.
  1542 | D:3      | 1542 ||| FLEEEEING.
  1543 | D:3      | 1543 ||| FLEEEEING.
  1544 | D:3      | 1544 ||| FLEEEEING.
  1549 | D:3      | 1549 ||| FLEEEEING.
  1550 | D:3      | 1550 ||| FLEEEEING.
  1551 | D:3      | 1551 ||| FLEEEEING.
  1552 | D:3      | 1552 ||| FLEEEEING.
  1553 | D:3      | 1553 ||| FLEEEEING.
  1554 | D:3      | 1554 ||| FLEEEEING.
  1555 | D:3      | 1555 ||| FLEEEEING.
  1556 | D:3      | 1556 ||| FLEEEEING.
  1560 | D:3      | 1560 ||| FLEEEEING.
  1561 | D:3      | 1561 ||| FLEEEEING.
  1562 | D:3      | 1562 ||| FLEEEEING.
  1563 | D:3      | 1563 ||| FLEEEEING.
  1621 | D:3      | Reached XP level 5. HP: 24/26 MP: 6/6
  1694 | D:3      | Noticed Robin
  1700 | D:3      | Killed Robin
  1715 | D:3      | 1715 ||| FLEEEEING.
  1716 | D:3      | 1716 ||| FLEEEEING.
  1718 | D:3      | 1718 ||| FLEEEEING.
  1732 | D:3      | 1732 ||| FLEEEEING.
  1733 | D:3      | 1733 ||| FLEEEEING.
  1734 | D:3      | 1734 ||| FLEEEEING.
  1735 | D:3      | 1735 ||| FLEEEEING.
  1736 | D:3      | 1736 ||| FLEEEEING.
  1737 | D:3      | 1737 ||| FLEEEEING.
  1738 | D:3      | 1738 ||| FLEEEEING.
  1739 | D:3      | 1739 ||| FLEEEEING.
  2085 | D:3      | 2085 ||| DROPPING ring of wizardry.
  2086 | D:3      | 2086 ||| READING scroll of identify.
  2086 | D:3      | 2086 ||| IDENTIFYING metallic yellow potion
  2087 | D:3      | 2087 ||| READING scroll labelled COAXZO NUALIUSM.
  2188 | D:3      | 2188 ||| READING 2 scrolls labelled ENEZYI HIAWKI.
  2189 | D:3      | 2189 ||| READING scroll labelled VASOMO HOYQO.
  2190 | D:3      | 2190 ||| READING scroll labelled ESUSSY NIYRGHA.
  2291 | D:3      | 2291 ||| READING scroll labelled HAWIMU NOA.
  2292 | D:3      | 2292 ||| DROPPING scroll of fog.
  2319 | D:4      | Noticed an ogre
  2320 | D:4      | 2320 ||| DRINKING 2 potions of haste.
  2326 | D:4      | Killed an ogre
  2327 | D:4      | Reached skill level 6 in Ranged Weapons
  2338 | D:4      | Reached XP level 6. HP: 30/30 MP: 7/7
  2593 | D:4      | 2593 ||| RETREEEEATING.
  2596 | D:4      | 2596 ||| RETREEEEATING.
  2599 | D:4      | Reached skill level 6 in Dodging
  2615 | D:4      | Slain by a gnoll

Levels and vault maps discovered:
D:1:      amcnicky_arrival_wind_blow, layout_rooms,
          shapermc_ecumenical_altar_mp_highgroup
D:2:      layout_loops_cross, minivault_27
D:3:      layout_loops_ring, uniq_robin
D:4:      layout_basic, kennysheep_vampire_church, ebering_ghost_disaster_area

Skill      XL: |  1  2  3  4  5  6 |
---------------+-------------------+-----
Dodging        | 3 4 5 6 |  6.1
Ranged Weapons | 5 6 |  6.7
Fighting       | 2 |  2.1
Stealth        | |  1.5

Action                     |  1- 3 |  4- 6 || total
---------------------------+-------+-------++-------
   Fire: Shortbow          |   106 |   213 ||   319
    Use: Scroll            |     1 |     8 ||     9
         Potion            |       |     1 ||     1
 Armour: Robe              |     8 |    27 ||    35
  Dodge: Dodged            |    35 |    86 ||   121

Table legend:
 A = Non-vault XP
 B = Vault XP
 C = Vault XP percentage of total XP
 D = Non-vault monster count
 E = Vault monster count
 F = Vault count percentage of total count
                 A         B        C        D         E       F
            +---------+---------+-------+---------+---------+-------
      Total |     600 |      33 |   5.2 |      90 |      10 |  10.0
            +---------+---------+-------+---------+---------+-------
        D:1 |      45 |       0 |   0.0 |      24 |       0 |   0.0
        D:2 |     102 |       0 |   0.0 |      21 |       0 |   0.0
        D:3 |      58 |      33 |  36.3 |      21 |      10 |  32.3
        D:4 |     395 |       0 |   0.0 |      24 |       0 |   0.0
            +---------+---------+-------+---------+---------+-------
